 Dungeon Crawl Stone Soup version 0.30-a0-711-gf4ac18a38d (webtiles) character file.

Game seed: 3871890028629801256

1756 Leeroy the Grasshopper (level 9, 0/48 HPs)
             Began as a Tengu Warper on Jan 22, 2023.
             Was an Initiate of Uskayaw.
             Killed from afar by Maggie (19 damage)
             ... with a bolt of fire
             ... on level 7 of the Dungeon.
             The game lasted 00:09:06 (5217 turns).

Leeroy the Grasshopper (Tengu Warper)               Turns: 5217, Time: 00:09:07

Health: 0/48       AC:  3    Str: 12    XL:     9   Next: 6%
Magic:  19/19      EV: 14    Int: 13    God:    Uskayaw [......]
Gold:   294        SH:  0    Dex: 18    Spells: 11/20 levels left

rFire   . . .      SeeInvis .    y - +0 long sword
rCold   . . .      Faith    .    (no shield)
rNeg    . . .      Spirit   .    b - +0 leather armour
rPois   .          Reflect  .    (helmet restricted)
rElec   .          Harm     .    (no cloak)
rCorr   .          Rampage  .    (no gloves)
Will    .....                    (boots unavailable)
Stlth   +                        (no amulet)
HPRegen 0.28/turn                f - +4 ring of slaying
MPRegen 0.16/turn                (no ring)

@: flying quickly and evasively, quick
A: beak, talons 3, nimble flight
a: Renounce Religion


You were on level 7 of the Dungeon.
You worshipped Uskayaw.
Uskayaw was noncommittal.
You visited 2 branches of the dungeon, and saw 8 of its levels.

You collected 294 gold pieces.

Inventory:

Hand Weapons
 a - a +0 falchion
 l - a +0 dagger of pain
 t - a +1 dagger of venom
 v - a +0 rapier
 w - a +1 hand axe of electrocution
 y - a +0 long sword (weapon)
Missiles
 d - 7 boomerangs of dispersal
 j - 3 curare-tipped darts
 x - 2 poisoned darts (quivered)
Armour
 b - a +0 leather armour (worn)
Magical Staves
 g - a staff of poison
Jewellery
 f - a +4 ring of slaying (left hand)
Scrolls
 c - 4 scrolls of blinking
 e - 4 scrolls of identify {unknown}
 k - 2 scrolls of amnesia {unknown}
 m - a scroll of fog {unknown}
 o - 2 scrolls of teleportation {unknown}
 p - 3 scrolls of fear {unknown}
 r - 4 scrolls of vulnerability {unknown}
 s - a scroll of magic mapping {unknown}
 B - a scroll of enchant weapon {unknown}
Potions
 h - a potion of attraction {unknown}
 i - 4 potions of curing
 n - 2 potions of heal wounds {unknown}
 q - 2 potions of mutation {unknown}
 u - a potion of cancellation {unknown}
 z - a potion of lignification {unknown}
 A - a potion of haste {unknown}


   Skills:
 - Level 2.0 Fighting
 - Level 5.0 Long Blades
 - Level 1.0 Throwing
 - Level 1.1 Armour
 - Level 2.1 Dodging
 - Level 6.3 Spellcasting
 + Level 6.5 Translocations
 - Level 5.0 Air Magic


You had 11 spell levels left.
You knew the following spells:

 Your Spells              Type           Power      Damage    Failure   Level
a - Blink                 Tloc           42%        N/A       2%          2
b - Vhi's Electric Charg  Tloc/Air       38%        N/A       6%          3
c - Manifold Assault      Tloc           21%        N/A       14%         4

Your spell library contained the following spells:

 Spells                   Type           Power      Damage    Failure   Level
 Apportation              Tloc           42%        N/A       1%          1
 Lesser Beckoning         Tloc           42%        N/A       2%          2
 Teleport Other           Tloc           21%        N/A       4%          3
 Freeze                   Ice            16%        1d4       22%         1
 Frozen Ramparts          Ice            8%         1d2       54%         3
 Hailstorm                Conj/Ice       4%         3d4       54%         3
 Stone Arrow              Conj/Erth      8%         3d7       54%         3
 Animate Armour           Summ/Erth      8%         N/A       91%         4
 Alistair's Intoxication  Tmut/Pois      2%         N/A       99%         5
 Lehudib's Crystal Spear  Conj/Erth      2%         10d2      100%        8


Dungeon Overview and Level Annotations

Branches:
Dungeon (7/15)             Temple (1/1) D:6

Altars:
Ashenzari
Dithmenos
Elyvilon
Gozag
Hepliaklqana
Kikubaaqudgha
Makhleb
Nemelex Xobeh
Okawaru
Qazlal
Sif Muna
Trog
Uskayaw
Vehumet
Wu Jian
Xom
Zin
The Shining One

Annotations:
D:4 Edmund
D:7 Maggie


Innate Abilities, Weirdness & Mutations

You have a beak for a mouth.
You have claws for feet.
Your magical nature lets you fly swiftly and evasively.


Message History

There is a white marble altar of Elyvilon here.
There is a radiant altar of Vehumet here.
Key pressed, stopping explore.
Found a glowing silver altar of Zin.
Found a stormy altar of Qazlal.
There is a stormy altar of Qazlal here.
Found a burning altar of Makhleb.
Found an ornate altar of the Wu Jian Council.
Key pressed, stopping explore.
Done exploring.
Done exploring.
Done exploring.
There is an opulent altar of Gozag here.
There is a hide-covered altar of Uskayaw here.
You hover solemnly before the altar of Uskayaw.
Uskayaw welcomes you!
There is a staircase back to the Dungeon here.
You fly upwards.
Welcome back to the Dungeon!
There is a staircase to the Ecumenical Temple here.
Done exploring.
Done exploring.
There is a fountain of clear blue water here.
There is a stone staircase leading down here.
You fly downwards.
You hear the roar of battle.
There is an entrance to a bailey on this level.
Hurry and find it before the portal closes forever!
Found 6 stones.
Found a stone staircase leading down.
There is a stone staircase leading up here.
A shadow imp comes into view.
You reach down and open the door.
Maggie the Vainglorious comes into view.
She is wielding a +2 heavy long sword.
Maggie shouts!
Maggie points at you and mumbles some strange words.
The bolt of fire hits you!!
Ouch! That really hurt!
There is an open door here.
The shadow imp shouts!
Maggie casts a spell at you. The bolt of fire hits you!!
You die...

...........#
#..(.>.....#
...........#
#..........#
...........#
...........#
.........<.#
..####.####
###+####@#
....@..'.#
.#...#.#.#
#. #.#.#
#.#.# ..+.#
###.# ..#
###


You could see Maggie.

Vanquished Creatures
  A two-headed ogre (D:6)
  Eustachio (D:4)
  A sky beast (D:6)
  An ice beast (D:6)
  2 phantoms
  A bullfrog (D:6)
  A necrophage (D:5)
  3 scorpions
  2 jellies
  An orc priest (D:5)
  A gnoll bouda (D:4)
  3 iguanas
  An orc wizard (D:5)
  2 adders (D:5)
  4 gnolls (D:5)
  2 shadow imps (D:6)
  A white imp (D:6)
  An ufetubus (D:4)
  A worm (D:3)
  2 dart slugs
  10 orcs
  3 bats
  5 endoplasms
  5 goblins
  6 hobgoblins
  10 jackals
  4 quokkas
  6 ball pythons
  4 frilled lizards
  5 kobolds
  5 rats
95 creatures vanquished.

Notes
Turn   | Place    | Note
-------+----------+-------------------------------------------
     0 | D:1      | Leeroy the Tengu Warper began the quest for the Orb.
     0 | D:1      | Reached XP level 1. HP: 12/12 MP: 4/4
   211 | D:1      | Reached XP level 2. HP: 17/17 MP: 6/6
   790 | D:2      | Reached XP level 3. HP: 21/21 MP: 7/7
   821 | D:2      | Found a faded altar of an unknown god.
  1269 | D:3      | Found a bloodstained altar of Trog.
  1417 | D:3      | Learned a level 2 spell: Blink
  1421 | D:3      | Learned a level 3 spell: Vhi's Electric Charge
  1713 | D:4      | Reached skill level 5 in Long Blades
  1713 | D:4      | Reached XP level 4. HP: 11/26 MP: 8/8
  1821 | D:4      | Reached skill level 1 in Air Magic
  1827 | D:4      | Gained mutation: Your magical nature lets you fly swiftly
                  | and evasively. [Tengu growth]
  1827 | D:4      | Reached XP level 5. HP: 27/30 MP: 9/9
  1900 | D:4      | Noticed Eustachio
  1907 | D:4      | Killed Eustachio
  1908 | D:4      | Reached XP level 6. HP: 26/35 MP: 10/10
  2016 | D:4      | Found a glowing golden altar of the Shining One.
  2016 | D:4      | Found a shimmering altar of Xom.
  2065 | D:4      | Found a broken altar of Ashenzari.
  2065 | D:4      | Noticed Edmund
  2443 | D:5      | Entered Level 5 of the Dungeon
  2873 | D:5      | Learned a level 4 spell: Manifold Assault
  3045 | D:5      | Reached skill level 5 in Air Magic
  3045 | D:5      | Reached XP level 7. HP: 25/40 MP: 11/11
  3151 | D:5      | Found a shimmering blue altar of Sif Muna.
  3422 | D:5      | Reached skill level 5 in Translocations
  4020 | D:6      | Reached XP level 8. HP: 34/44 MP: 12/12
  4087 | D:6      | Noticed a two-headed ogre
  4127 | D:6      | Found a staircase to the Ecumenical Temple.
  4148 | D:6      | Found a shadowy altar of Dithmenos.
  4282 | D:6      | Killed a two-headed ogre
  4283 | D:6      | Reached skill level 5 in Spellcasting
  4343 | D:6      | Reached XP level 9. HP: 48/48 MP: 17/19
  4828 | Temple   | Entered the Ecumenical Temple
  5173 | Temple   | Became a worshipper of Uskayaw the Reveller
  5215 | D:7      | Noticed Maggie
  5217 | D:7      | Killed from afar by Maggie

Illustrated notes

Levels and vault maps discovered:
D:1:      spicycebolla_arrival_xxxplode, layout_basic
D:2:      layout_loops_ring, serial_glass, glass_columns_b, glass_columns_b,
          basic_ecumenical_altar
D:3:      layout_rooms, bloody_trog
D:4:      layout_rooms, gammafunk_temple_overflow_wave,
          mainiacjoe_overflow_24_doors, serial_forest,
          infiniplex_forest_clump_C, infiniplex_forest_clump_double,
          infiniplex_forest_lined_room_2, infiniplex_forest_lined_2,
          uniq_edmund, uniq_eustachio, uniq_natasha
D:5:      layout_gridville, amcnicky_altar_gilded, minmay_misc_feat_doors
D:6:      layout_loops_cross, mainiacjoe_overflow_boulevard,
          minmay_temple_entry_statues_fountains, nicolae_kite_square_tiling_tiny
D:7:      layout_rooms, mainiacjoe_overflow_six_doors_small,
          overflow_temple_1_default, enter_bailey_3, uniq_maggie
Temple:   minmay_temple_forest_path

Skill      XL: |  1  2  3  4  5  6  7  8 |
---------------+-------------------------+-----
Long Blades    | 3 5 |  5.0
Air Magic      | 1 3 5 |  5.0
Translocations | 3 4 6 |  6.5
Spellcasting   | 6 |  6.3
Fighting       | |  2.0
Throwing       | |  1.0
Armour         | |  1.1
Dodging        | |  2.1

Action                     |  1- 3 |  4- 6 |  7- 9 || total
---------------------------+-------+-------+-------++-------
  Melee: Falchion          |   104 |     4 |     7 ||   115
         Kick              |    22 |    20 |    27 ||    69
         Peck              |     9 |    14 |    15 ||    38
         Punch             |     1 |     1 |     3 ||     5
         Dagger            |       |    68 |    15 ||    83
         Long sword        |       |       |    53 ||    53
  Throw: Dart              |       |       |     2 ||     2
   Cast: Vhi's Electric Ch |       |       |     1 ||     1
  Evoke: Wand              |       |       |     1 ||     1
    Use: Potion            |       |       |     1 ||     1
   Stab: Sleeping          |     1 |       |       ||     1
 Armour: Leather armour    |    34 |     7 |     9 ||    50
  Dodge: Dodged            |    53 |    47 |    46 ||   146

Table legend: (Time is in decaauts)
 A = Elapsed time spent in this place.
 B = Non-inter-level travel time spent in this place.
 C = Inter-level travel time spent in this place.
 D = Time resting spent in this place.
 E = Time spent auto-exploring this place.
 F = Levels seen in this place.
 G = Mean time per level.
                   A        B        C        D        E       F      G
               +--------+--------+--------+--------+--------+-----+--------+
         Total |   4991 |   4764 |    227 |    177 |   3688 |   8 |  623.9 |
       Dungeon |   4656 |   4462 |    194 |    177 |   3402 |   7 |  665.1 |
        Temple |    334 |    301 |     33 |      0 |    286 |   1 |  334.0 |
               +--------+--------+--------+--------+--------+-----+--------+

Top non-repeatable levels by time:
     D:5: 1158 daAuts
     D:6: 911 daAuts
     D:4: 857 daAuts
     D:1: 639 daAuts
     D:2: 638 daAuts
     D:3: 444 daAuts
  Temple: 334 daAuts
     D:7: 6 daAuts
